PITTSBURGH Penguins vs COLORADO Avalanche

Created - 8 avril 2024 at 18:03

Goals
1 2 3 T
PITTSBURGH Penguins 2 2 2 6
COLORADO Avalanche 0 3 1 4
Shots
1 2 3 T
PITTSBURGH Penguins 10 8 10 28
COLORADO Avalanche 5 19 9 33

1st period

1. PITTSBURGH Penguins , Jordan Staal 13 (Thomas Chabot 30, Jason Robertson 36) at 6:31 (PP)
2. PITTSBURGH Penguins , Jordan Kyrou 26 (Jordan Staal 21) at 7:03 (PP)

Penalties :
Adam Pelech (PIT) for Tripping (Minor) at 0:09, Robert Bortuzzo (PIT) for Holding (Minor) at 2:32, Tyson Barrie (COL) for Hooking (Minor) at 5:57, Zach Bogosian (COL) for Tripping (Minor) at 6:13, Jeff Skinner (COL) for Hooking (Minor) at 10:14, Barclay Goodrow (PIT) for Tripping (Minor) at 12:16

2nd period

3. COLORADO Avalanche , David Pastrnak 41 (Jake DeBrusk 38, Nick Schmaltz 42) at 3:24 (PP)
4. PITTSBURGH Penguins , Evgeni Malkin 19 (Jake Guentzel 39, Connor Clifton 25) at 4:25
5. COLORADO Avalanche , Jake DeBrusk 42 (David Pastrnak 41, Nick Schmaltz 43) at 6:42
6. COLORADO Avalanche , Derek Forbort 5 (Jason Zucker 24, Jeff Skinner 54) at 14:43
7. PITTSBURGH Penguins , Jake Guentzel 26 (Adam Pelech 41) at 18:53 (PP)

Penalties :
Adam Pelech (PIT) for Delaying the game (Minor) at 1:48, Derek Forbort (COL) for Fighting (Major) at 7:34, Adam Pelech (PIT) for Fighting (Major) at 7:34, Patrik Nemeth (COL) for Holding (Minor) at 7:45, Nick Schmaltz (COL) for Diving (Minor) at 10:08, Brandon Carlo (PIT) for Hooking (Minor) at 10:08, Connor Clifton (PIT) for Cross-checking (Minor) at 16:18, Morgan Geekie (COL) for Holding (Minor) at 18:35

3rd period

8. PITTSBURGH Penguins , Jason Robertson 36 (Adam Pelech 42, Jordan Staal 22) at 7:47
9. COLORADO Avalanche , Jason Zucker 18 (Jeff Skinner 55, Jordan Eberle 29) at 10:46
10. PITTSBURGH Penguins , Jordan Staal 14 (Adam Pelech 43, Thomas Chabot 31) at 15:32

Penalties :
Nate Schmidt (PIT) for Roughing (Minor) at 1:26

Goalie Stats

Cam Talbot (PIT), 29 saves from 33 shots - (0,879), W, 33-29-3, 60:00 minutes
Jonathan Quick (COL), 16 saves from 21 shots - (0,762), L, 35-29-5, 47:47 minutes
Magnus Hellberg (COL), 6 saves from 7 shots - (0,857), 12:13 minutes

Players Stats for PITTSBURGH Penguins

Player Name              G  A  P  +/- PIM S  H  SB GA TA FO     MP     PP MP  PK MP  
------------------------------------------------------------------------------------
Adam Pelech              0  3  3   2  9   3  2  1  0  0  0/0    21:17   2:02   3:56 
Alexander Volkov         0  0  0   0  0   0  1  0  0  0  0/0     3:45   0:00   0:00 
Barclay Goodrow          0  0  0   0  2   2  2  0  0  0  3/6    10:44   0:00   0:00 
Brandon Carlo            0  0  0  -2  2   2  1  0  0  0  0/0    23:17   2:09   5:35 
Connor Clifton           0  1  1   0  2   0  0  0  0  0  0/0    14:56   1:11   3:34 
Evgeni Malkin            1  0  1  -1  0   3  1  1  0  0  17/30  20:46   2:27   5:22 
Gabriel Vilardi          0  0  0  -1  0   0  1  1  0  0  1/1    15:24   2:27   0:00 
Jake Guentzel            1  1  2  -1  0   2  1  1  0  0  1/2    20:46   2:27   5:22 
Jason Robertson          1  1  2   1  0   4  1  0  0  0  0/1    24:44   2:55   8:08 
Jesse Puljujarvi         0  0  0   0  0   0  2  0  0  0  0/1    10:45   0:00   0:00 
Jordan Kyrou             1  0  1   1  0   4  0  0  0  0  0/1    16:36   2:55   0:00 
Jordan Staal             2  2  4   1  0   3  5  0  0  0  28/42  24:44   2:55   8:08 
Nate Schmidt             0  0  0  -2  2   2  0  0  0  0  0/0    24:21   2:09   6:39 
Patrik Laine             0  0  0   0  0   1  0  0  0  0  0/1    10:45   0:00   0:00 
Robert Bortuzzo          0  0  0   0  2   0  0  0  0  0  0/0    10:11   0:00   0:00 
Tanner Pearson           0  0  0   0  0   1  0  0  0  0  0/0     3:45   0:00   0:00 
Thomas Chabot            0  2  2   2  0   0  2  0  0  0  0/0    25:51   3:13   7:16 
Yakov Trenin             0  0  0   0  0   1  2  0  0  0  2/5     3:45   0:00   0:00 

Players Stats for COLORADO Avalanche

Player Name              G  A  P  +/- PIM S  H  SB GA TA FO     MP     PP MP  PK MP  
------------------------------------------------------------------------------------
Alex Iafallo             0  0  0  -2  0   0  0  0  0  0  0/1    12:03   0:15   3:30 
Craig Smith              0  0  0  -2  0   0  1  0  0  0  2/2     8:58   0:00   0:40 
David Pastrnak           1  1  2   0  0   7  1  0  0  0  2/2    23:21   6:38   0:00 
Derek Forbort            1  0  1   2  5   1  2  1  0  0  0/0    22:15   0:00   2:08 
Jake DeBrusk             1  1  2   0  0   4  1  1  0  0  2/5    23:21   6:38   0:00 
Jason Zucker             1  1  2   2  0   6  2  0  0  0  0/1    18:26   6:52   0:00 
Jeff Skinner             0  2  2   2  2   1  0  0  0  0  12/28  19:19   6:52   0:54 
Jordan Eberle            0  1  1   2  0   5  2  0  0  0  3/4    19:27   7:53   0:00 
Mark Pysyk               0  0  0   0  0   0  0  0  0  0  0/0    12:20   7:28   1:07 
Morgan Geekie            0  0  0  -2  2   0  2  0  0  0  2/6     8:17   0:00   0:00 
Nick Foligno             0  0  0   0  0   1  1  1  0  0  0/1     6:07   0:00   1:34 
Nick Schmaltz            0  2  2   0  2   3  2  0  0  0  9/27   22:22   5:22   0:18 
Oliver Ekman-Larsson     0  0  0  -2  0   3  1  1  0  0  0/0    25:06   6:02   1:09 
Patrik Nemeth            0  0  0   2  2   0  1  4  0  0  0/0    21:32   0:00   1:24 
Tomas Nosek              0  0  0   0  0   1  0  0  0  0  2/8     8:03   0:00   3:30 
Tyler Johnson            0  0  0   0  0   0  0  0  0  0  4/5     4:33   0:00   0:00 
Tyson Barrie             0  0  0  -2  2   1  1  0  0  0  0/0    27:18   6:02   2:07 
Zach Bogosian            0  0  0   0  2   0  0  0  0  0  0/0    11:25   7:28   2:48 

3 Stars

1 - Jordan Staal (PIT)
2 - Jason Robertson (PIT)
3 - Jason Zucker (COL)

Power Play

PITTSBURGH Penguins - 3 on 5 Attempt(s) - 60,00%
COLORADO Avalanche - 1 on 6 Attempt(s) - 16,67%

Penalty Kill

PITTSBURGH Penguins - 5 on 6 Attempt(s) - 83,33% - Score 0 goal in Penalty Kill
COLORADO Avalanche - 2 on 5 Attempt(s) - 40,00% - Score 0 goal in Penalty Kill

Team Stat

PITTSBURGH Penguins - Hits : 21 - Faceoff Wins : 52 - Blocked Shots : 4 - Penalty Minutes : 19
COLORADO Avalanche - Hits : 17 - Faceoff Wins : 38 - Blocked Shots : 8 - Penalty Minutes : 17

Official

Referees : François St-Laurent and John Hoolihan
Linesman : Alexandra Clarke and Devin Berg

Game Notes

Adam Pelech beats up Derek Forbort at 7:34 of 2nd period
Magnus Hellberg enters game at 7:47 of 3rd period

Finance

Level 1 -- Attendance: 5118 (85,30%) -- Ticket Income $511,800
Level 2 -- Attendance: 4292 (85,84%) -- Ticket Income $257,520
Level 3 -- Attendance: 2000 (100,00%) -- Ticket Income $70,000
Level 4 -- Attendance: 3079 (76,98%) -- Ticket Income $76,975
Luxury Box -- Attendance: 869 (86,90%) -- Ticket Income $173,800
Game was played at the Pepsi Center.
Total Attendance: 15358 (85,32%)
Total Ticket Income: $1,090,095
Other Income: $272,524
Total Income: $1,362,619

PITTSBURGH Penguins

5 vs 5 Forward 
   Center                   Left Wing                Right Wing               Time % Phy DF OF 
 1 Jordan Staal             Jason Robertson          Jordan Kyrou             34     1   1  3  
 2 Evgeni Malkin            Jake Guentzel            Gabriel Vilardi          30     1   1  3  
 3 Barclay Goodrow          Patrik Laine             Jesse Puljujarvi         24     1   1  3  
 4 Yakov Trenin             Tanner Pearson           Alexander Volkov         12     1   3  1  

5 vs 5 Defense 
   Defense                  Defense                                           Time % Phy DF OF 
 1 Adam Pelech              Thomas Chabot                                     38     1   1  3  
 2 Brandon Carlo            Nate Schmidt                                      36     1   3  1  
 3 Connor Clifton           Robert Bortuzzo                                   26     1   4  0  
 4 Adam Pelech              Thomas Chabot                                     0      1   4  0  

PowerPlay Forward 
   Center                   Left Wing                Right Wing               Time % Phy DF OF 
 1 Jordan Staal             Jason Robertson          Jordan Kyrou             65     0   0  5  
 2 Evgeni Malkin            Jake Guentzel            Gabriel Vilardi          35     0   1  4  

PowerPlay Defense
   Defense                  Defense                                           Time % Phy DF OF 
 1 Adam Pelech              Thomas Chabot                                     65     0   0  5  
 2 Brandon Carlo            Nate Schmidt                                      35     0   1  4  

Penalty Kill 4 Players Forward 
   Center                   Wing                     Time % Phy DF OF 
 1 Jordan Staal             Jason Robertson          60     1   4  0  
 2 Evgeni Malkin            Jake Guentzel            40     0   5  0  

Penalty Kill 4 Players Defense
   Defense                  Defense                  Time % Phy DF OF 
 1 Adam Pelech              Thomas Chabot            60     1   4  0  
 2 Brandon Carlo            Nate Schmidt             40     1   4  0  

Penalty Kill - 3 Players Forward 
   Forward                                           Time % Phy DF OF 
 1 Jordan Staal                                      50     0   5  0  
 2 Evgeni Malkin                                     50     0   5  0  

Penalty Kill - 3 Players Defense
   Defense                  Defense                  Time % Phy DF OF 
 1 Adam Pelech              Thomas Chabot            70     1   4  0  
 2 Brandon Carlo            Nate Schmidt             30     1   4  0  

4 vs 4 Forward 
   Center                   Wing                     Time % Phy DF OF 
 1 Jordan Staal             Jason Robertson          60     0   2  3  
 2 Evgeni Malkin            Jake Guentzel            40     0   2  3  

4 vs 4 Defense
   Defense                  Defense                  Time % Phy DF OF 
 1 Adam Pelech              Thomas Chabot            58     1   2  2  
 2 Brandon Carlo            Nate Schmidt             42     1   2  2  

Last Minutes Offensive
   Center                   Left Wing                Right Wing               Defense                  Defense                  
   Jordan Staal             Jason Robertson          Jordan Kyrou             Adam Pelech              Thomas Chabot            

Last Minutes Defensive
   Center                   Left Wing                Right Wing               Defense                  Defense                  
   Jordan Staal             Jason Robertson          Jordan Kyrou             Adam Pelech              Thomas Chabot            

Goaltenders
Starting : Cam Talbot               
Backup : Elvis Merzlikins         

Extra Forwards
Normal : Evgeni Malkin, Patrik Laine, Barclay Goodrow - PP : Evgeni Malkin, Patrik Laine - PK : Evgeni Malkin
Extra Defensemen
Normal : Nate Schmidt, Connor Clifton, Robert Bortuzzo - PP : Nate Schmidt - PK : Nate Schmidt, Connor Clifton
Penalty Shots
Jason Robertson, Jake Guentzel, Jordan Kyrou, Jordan Staal, Evgeni Malkin

Scratches
None

COLORADO Avalanche

5 vs 5 Forward 
   Center                   Left Wing                Right Wing               Time % Phy DF OF 
 1 Nick Schmaltz            Jake DeBrusk             David Pastrnak           40     1   2  2  
 2 Jeff Skinner             Jason Zucker             Jordan Eberle            30     1   2  2  
 3 Morgan Geekie            Alex Iafallo             Craig Smith              20     1   2  2  
 4 Tyler Johnson            Tomas Nosek              Nick Foligno             10     1   2  2  

5 vs 5 Defense 
   Defense                  Defense                                           Time % Phy DF OF 
 1 Derek Forbort            Patrik Nemeth                                     40     1   2  2  
 2 Tyson Barrie             Oliver Ekman-Larsson                              30     1   2  2  
 3 Derek Forbort            Patrik Nemeth                                     20     1   2  2  
 4 Tyson Barrie             Oliver Ekman-Larsson                              10     1   2  2  

PowerPlay Forward 
   Center                   Left Wing                Right Wing               Time % Phy DF OF 
 1 Nick Schmaltz            Jake DeBrusk             David Pastrnak           60     1   2  2  
 2 Jeff Skinner             Jason Zucker             Jordan Eberle            40     1   2  2  

PowerPlay Defense
   Defense                  Defense                                           Time % Phy DF OF 
 1 Tyson Barrie             Oliver Ekman-Larsson                              60     1   2  2  
 2 Zach Bogosian            Mark Pysyk                                        40     1   2  2  

Penalty Kill 4 Players Forward 
   Center                   Wing                     Time % Phy DF OF 
 1 Tomas Nosek              Alex Iafallo             60     1   2  2  
 2 Jeff Skinner             Nick Foligno             40     1   2  2  

Penalty Kill 4 Players Defense
   Defense                  Defense                  Time % Phy DF OF 
 1 Derek Forbort            Patrik Nemeth            60     1   2  2  
 2 Tyson Barrie             Zach Bogosian            40     1   2  2  

Penalty Kill - 3 Players Forward 
   Forward                                           Time % Phy DF OF 
 1 Nick Schmaltz                                     60     1   2  2  
 2 Jeff Skinner                                      40     1   2  2  

Penalty Kill - 3 Players Defense
   Defense                  Defense                  Time % Phy DF OF 
 1 Derek Forbort            Patrik Nemeth            60     1   2  2  
 2 Tyson Barrie             Zach Bogosian            40     1   2  2  

4 vs 4 Forward 
   Center                   Wing                     Time % Phy DF OF 
 1 Nick Schmaltz            Jake DeBrusk             60     1   2  2  
 2 Jeff Skinner             Jason Zucker             40     1   2  2  

4 vs 4 Defense
   Defense                  Defense                  Time % Phy DF OF 
 1 Derek Forbort            Patrik Nemeth            60     1   2  2  
 2 Zach Bogosian            Mark Pysyk               40     1   2  2  

Last Minutes Offensive
   Center                   Left Wing                Right Wing               Defense                  Defense                  
   Jeff Skinner             Jake DeBrusk             David Pastrnak           Tyson Barrie             Oliver Ekman-Larsson     

Last Minutes Defensive
   Center                   Left Wing                Right Wing               Defense                  Defense                  
   Jeff Skinner             Jake DeBrusk             David Pastrnak           Tyson Barrie             Oliver Ekman-Larsson     

Goaltenders
Starting : Jonathan Quick           
Backup : Magnus Hellberg          

Extra Forwards
Normal : David Pastrnak, Jake DeBrusk, Jordan Eberle - PP : Jordan Eberle, Alex Iafallo - PK : Nick Foligno
Extra Defensemen
Normal : Tyson Barrie, Derek Forbort, Patrik Nemeth - PP : Derek Forbort - PK : Derek Forbort, Patrik Nemeth
Penalty Shots
David Pastrnak, Jeff Skinner, Jake DeBrusk, Jordan Eberle, Jason Zucker

Scratches
Kris Russell (Healthy), Jordie Benn (Healthy), Zach Aston-Reese (Healthy)

% Time on Ice - PITTSBURGH Penguins

Lines # - Real PCT - Wanted PCT - Time Play
Normal Forward
1 - 33% - 34% - 13:41
2 - 31% - 30% - 12:57
3 - 26% - 24% - 10:45
4 - 9% - 12% - 3:45
Normal Defense
1 - 37% - 38% - 15:22
2 - 38% - 36% - 15:34
3 - 25% - 26% - 10:12
4 - 0% - 0% - 0:00
PP Forward
1 - 54% - 65% - 2:55
2 - 46% - 35% - 2:27
PP Defense
1 - 60% - 65% - 3:13
2 - 40% - 35% - 2:09
PK Forward
1 - 60% - 60% - 8:08
2 - 40% - 40% - 5:22
PK Defense
1 - 54% - 60% - 7:16
2 - 46% - 40% - 6:14
PK3 Forward
1 - 0% - 50%
2 - 0% - 50%
PK3 Defense
1 - 0% - 70%
2 - 0% - 30%
44 Forward
1 - 0% - 60%
2 - 0% - 40%
44 Defense
1 - 0% - 58%
2 - 0% - 42%
Last Minute Offensive  - 0:00
Last Minute Defensive  - 0:00
Total
Forward - 60:00
Defense - 60:00

% Time on Ice - COLORADO Avalanche

Lines # - Real PCT - Wanted PCT - Time Play
Normal Forward
1 - 41% - 40% - 16:43
2 - 28% - 30% - 11:34
3 - 20% - 20% - 8:18
4 - 11% - 10% - 4:33
Normal Defense
1 - 43% - 40% - 17:53
2 - 38% - 30% - 15:37
3 - 10% - 20% - 4:11
4 - 8% - 10% - 3:27
PP Forward
1 - 49% - 60% - 6:38
2 - 51% - 40% - 6:52
PP Defense
1 - 45% - 60% - 6:02
2 - 55% - 40% - 7:28
PK Forward
1 - 78% - 60% - 3:58
2 - 22% - 40% - 1:06
PK Defense
1 - 60% - 60% - 3:03
2 - 40% - 40% - 2:01
PK3 Forward
1 - 100% - 60% - 0:18
2 - 0% - 40% - 0:00
PK3 Defense
1 - 0% - 60% - 0:00
2 - 100% - 40% - 0:18
44 Forward
1 - 0% - 60%
2 - 0% - 40%
44 Defense
1 - 0% - 60%
2 - 0% - 40%
Last Minute Offensive  - 0:00
Last Minute Defensive  - 0:00
Total
Forward - 60:00
Defense - 60:00

Play-by-Play

1st period


0:01 of 1st period - David Pastrnak wins face-off versus Jordan Staal in neutral zone.
0:09 of 1st period - Minor Penalty to Adam Pelech for Tripping.
0:10 of 1st period - Jordan Staal wins face-off versus Jake DeBrusk in PITTSBURGH Penguins zone.
0:21 of 1st period - Shot by Tyson Barrie.
0:21 of 1st period - Shot Hit the Post.
0:23 of 1st period - Shot by Nick Schmaltz.
0:23 of 1st period - Stopped by Cam Talbot without a rebound.
0:24 of 1st period - Evgeni Malkin wins face-off versus Jeff Skinner in PITTSBURGH Penguins zone.
0:24 of 1st period - Evgeni Malkin is hit by Jason Zucker.
0:31 of 1st period - Icing by Jason Zucker.
0:32 of 1st period - Jeff Skinner wins face-off versus Jordan Staal in COLORADO Avalanche zone.
0:43 of 1st period - Shot by Jason Zucker.
0:43 of 1st period - Stopped by Cam Talbot without a rebound.
0:44 of 1st period - Jake DeBrusk wins face-off versus Evgeni Malkin in PITTSBURGH Penguins zone.
0:44 of 1st period - Jake DeBrusk is hit by Thomas Chabot.
0:52 of 1st period - Shot by Jake DeBrusk.
0:52 of 1st period - Shot Misses the Net.
1:08 of 1st period - Shot by David Pastrnak.
1:08 of 1st period - Shot Misses the Net.
2:32 of 1st period - Minor Penalty to Robert Bortuzzo for Holding.
2:33 of 1st period - David Pastrnak wins face-off versus Jason Robertson in PITTSBURGH Penguins zone.
3:25 of 1st period - Icing by Jeff Skinner.
3:26 of 1st period - Evgeni Malkin wins face-off versus Jeff Skinner in COLORADO Avalanche zone.
4:12 of 1st period - Icing by Oliver Ekman-Larsson.
4:13 of 1st period - Jordan Staal wins face-off versus Nick Schmaltz in COLORADO Avalanche zone.
4:13 of 1st period - Jason Robertson is hit by Oliver Ekman-Larsson and loses puck.
4:40 of 1st period - Morgan Geekie is hit by Barclay Goodrow and loses puck.
5:01 of 1st period - Shot by Alex Iafallo.
5:01 of 1st period - Shot Misses the Net.
5:29 of 1st period - Oliver Ekman-Larsson is hit by Barclay Goodrow and loses puck.
5:41 of 1st period - Icing by Tyson Barrie.
5:42 of 1st period - Jeff Skinner wins face-off versus Evgeni Malkin in COLORADO Avalanche zone.
5:47 of 1st period - Adam Pelech is hit by Jason Zucker and loses puck.
5:57 of 1st period - Minor Penalty to Tyson Barrie for Hooking.
5:58 of 1st period - Jordan Staal wins face-off versus Tomas Nosek in COLORADO Avalanche zone.
5:58 of 1st period - Jordan Staal is hit by Derek Forbort.
6:06 of 1st period - Shot by Jason Robertson.
6:06 of 1st period - Stopped by Jonathan Quick without a rebound.
6:07 of 1st period - Jordan Staal wins face-off versus Tomas Nosek in COLORADO Avalanche zone.
6:13 of 1st period - Minor Penalty to Zach Bogosian for Tripping.
6:14 of 1st period - Nick Schmaltz wins face-off versus Jordan Staal in COLORADO Avalanche zone.
6:29 of 1st period - Shot by Thomas Chabot.
6:29 of 1st period - Shot Misses the Net.
6:31 of 1st period - Shot by Jordan Staal.
6:31 of 1st period - The goal is going for a video replay.
6:31 of 1st period - The goal is good.
6:31 of 1st period - Goal by Jordan Staal - PITTSBURGH Penguins : 1 - COLORADO Avalanche : 0.
6:32 of 1st period - Evgeni Malkin wins face-off versus Tomas Nosek in neutral zone.
6:55 of 1st period - Shot by Brandon Carlo.
6:55 of 1st period - Stopped by Jonathan Quick with a rebound.
7:01 of 1st period - Shot by Nate Schmidt.
7:01 of 1st period - Stopped by Jonathan Quick without a rebound.
7:02 of 1st period - Jordan Staal wins face-off versus Jeff Skinner in COLORADO Avalanche zone.
7:03 of 1st period - Shot by Jordan Kyrou.
7:03 of 1st period - Goal by Jordan Kyrou - PITTSBURGH Penguins : 2 - COLORADO Avalanche : 0.
7:04 of 1st period - Jordan Staal wins face-off versus Nick Schmaltz in neutral zone.
7:07 of 1st period - Shot by Jordan Kyrou.
7:07 of 1st period - Shot Blocked by Jake DeBrusk.
7:09 of 1st period - Shot by Jordan Staal.
7:09 of 1st period - Shot Misses the Net.
7:17 of 1st period - Shot by Jordan Kyrou.
7:17 of 1st period - Stopped by Jonathan Quick without a rebound.
7:18 of 1st period - Evgeni Malkin wins face-off versus Jeff Skinner in COLORADO Avalanche zone.
7:47 of 1st period - Shot by Jason Zucker.
7:47 of 1st period - Shot Misses the Net.
7:59 of 1st period - Shot by Jordan Eberle.
7:59 of 1st period - Stopped by Cam Talbot without a rebound.
8:00 of 1st period - Nick Schmaltz wins face-off versus Jordan Kyrou in PITTSBURGH Penguins zone.
8:39 of 1st period - Shot by David Pastrnak.
8:39 of 1st period - Stopped by Cam Talbot with a rebound.
8:48 of 1st period - Jason Robertson is hit by Tyson Barrie and loses puck.
9:30 of 1st period - Shot by Jason Zucker.
9:30 of 1st period - Stopped by Cam Talbot without a rebound.
9:31 of 1st period - Tyler Johnson wins face-off versus Evgeni Malkin in PITTSBURGH Penguins zone.
9:35 of 1st period - Icing by Connor Clifton.
9:36 of 1st period - Jeff Skinner wins face-off versus Evgeni Malkin in PITTSBURGH Penguins zone.
10:14 of 1st period - Minor Penalty to Jeff Skinner for Hooking.
10:15 of 1st period - Jordan Staal wins face-off versus Tomas Nosek in COLORADO Avalanche zone.
11:37 of 1st period - Shot by Nate Schmidt.
11:37 of 1st period - Shot Blocked by Nick Foligno.
11:41 of 1st period - Shot by Evgeni Malkin.
11:41 of 1st period - Shot Blocked by Patrik Nemeth.
11:43 of 1st period - Shot by Nate Schmidt.
11:43 of 1st period - Stopped by Jonathan Quick without a rebound.
11:44 of 1st period - Craig Smith wins face-off versus Jordan Staal in COLORADO Avalanche zone.
12:03 of 1st period - Shot by Jason Robertson.
12:03 of 1st period - Deflect By Jordan Staal.
12:03 of 1st period - Stopped by Jonathan Quick without a rebound.
12:04 of 1st period - Evgeni Malkin wins face-off versus Tomas Nosek in COLORADO Avalanche zone.
12:05 of 1st period - Shot by Brandon Carlo.
12:05 of 1st period - Shot Hit the Post.
12:16 of 1st period - Minor Penalty to Barclay Goodrow for Tripping.
12:17 of 1st period - Jordan Staal wins face-off versus Nick Schmaltz in PITTSBURGH Penguins zone.
14:01 of 1st period - Mark Pysyk is hit by Jordan Staal.
14:21 of 1st period - Shot by Craig Smith.
14:21 of 1st period - Shot Misses the Net.
14:51 of 1st period - Shot by Barclay Goodrow.
14:51 of 1st period - Stopped by Jonathan Quick without a rebound.
14:52 of 1st period - Tyler Johnson wins face-off versus Yakov Trenin in COLORADO Avalanche zone.
15:12 of 1st period - Tyler Johnson is hit by Brandon Carlo.
15:55 of 1st period - Icing by Patrik Nemeth.
15:56 of 1st period - Jordan Staal wins face-off versus Nick Schmaltz in COLORADO Avalanche zone.
17:24 of 1st period - Shot by Jake Guentzel.
17:24 of 1st period - Deflect By Evgeni Malkin.
17:24 of 1st period - Stopped by Jonathan Quick with a rebound.
18:43 of 1st period - Icing by Mark Pysyk.
18:44 of 1st period - Jordan Staal wins face-off versus Nick Schmaltz in COLORADO Avalanche zone.
18:53 of 1st period - Shot by Zach Bogosian.
18:53 of 1st period - Shot Misses the Net.
19:48 of 1st period - Icing by Adam Pelech.
19:49 of 1st period - Jeff Skinner wins face-off versus Jordan Staal in PITTSBURGH Penguins zone.
19:52 of 1st period - Shot by Jordan Eberle.
19:52 of 1st period - Shot Misses the Net.
Goals for this period are 2 for PITTSBURGH Penguins vs 0 for COLORADO Avalanche.
Shots for this period are 10 for PITTSBURGH Penguins vs 5 for COLORADO Avalanche.

2nd period


0:01 of 2nd period - Evgeni Malkin wins face-off versus Jake DeBrusk in neutral zone.
0:12 of 2nd period - Shot by Jake Guentzel.
0:12 of 2nd period - Shot Misses the Net.
0:14 of 2nd period - Shot by Evgeni Malkin.
0:14 of 2nd period - Shot Blocked by Patrik Nemeth.
0:25 of 2nd period - Shot by Evgeni Malkin.
0:25 of 2nd period - Shot Misses the Net.
0:27 of 2nd period - Shot by Brandon Carlo.
0:27 of 2nd period - Stopped by Jonathan Quick without a rebound.
0:28 of 2nd period - Jordan Staal wins face-off versus Jeff Skinner in COLORADO Avalanche zone.
1:05 of 2nd period - Shot by Jordan Eberle.
1:05 of 2nd period - Stopped by Cam Talbot with a rebound.
1:07 of 2nd period - Shot by Jordan Eberle.
1:07 of 2nd period - Shot Misses the Net.
1:09 of 2nd period - Shot by Jason Zucker.
1:09 of 2nd period - Shot Misses the Net.
1:48 of 2nd period - Minor Penalty to Adam Pelech for Delaying the game.
1:49 of 2nd period - Evgeni Malkin wins face-off versus Nick Schmaltz in PITTSBURGH Penguins zone.
1:57 of 2nd period - Off-side.
1:58 of 2nd period - Jeff Skinner wins face-off versus Evgeni Malkin in neutral zone.
2:01 of 2nd period - Shot by Jordan Eberle.
2:01 of 2nd period - Stopped by Cam Talbot with a rebound.
2:33 of 2nd period - Zach Bogosian is hit by Evgeni Malkin and loses puck.
2:49 of 2nd period - Off-side.
2:50 of 2nd period - Jordan Staal wins face-off versus Nick Schmaltz in neutral zone.
3:04 of 2nd period - Shot by Nick Schmaltz.
3:04 of 2nd period - Shot Misses the Net.
3:24 of 2nd period - Shot by David Pastrnak.
3:24 of 2nd period - Goal by David Pastrnak - PITTSBURGH Penguins : 2 - COLORADO Avalanche : 1.
3:25 of 2nd period - Morgan Geekie wins face-off versus Barclay Goodrow in neutral zone.
4:25 of 2nd period - Shot by Jake Guentzel.
4:25 of 2nd period - Deflect By Evgeni Malkin.
4:25 of 2nd period - Goal by Evgeni Malkin - PITTSBURGH Penguins : 3 - COLORADO Avalanche : 1.
4:26 of 2nd period - Yakov Trenin wins face-off versus Nick Schmaltz in neutral zone.
4:26 of 2nd period - Yakov Trenin is hit by Nick Schmaltz.
4:30 of 2nd period - Nick Schmaltz is hit by Alexander Volkov and loses puck.
4:57 of 2nd period - Tyson Barrie is hit by Yakov Trenin and loses puck.
5:12 of 2nd period - Icing by Tanner Pearson.
5:13 of 2nd period - Jeff Skinner wins face-off versus Yakov Trenin in PITTSBURGH Penguins zone.
5:13 of 2nd period - Jeff Skinner is hit by Adam Pelech.
5:15 of 2nd period - Shot by Jordan Eberle.
5:15 of 2nd period - Stopped by Cam Talbot without a rebound.
5:16 of 2nd period - Evgeni Malkin wins face-off versus Jeff Skinner in PITTSBURGH Penguins zone.
5:21 of 2nd period - Shot by Jake Guentzel.
5:21 of 2nd period - Deflect By Evgeni Malkin.
5:21 of 2nd period - Shot Hit the Post.
5:33 of 2nd period - Shot by Jeff Skinner.
5:33 of 2nd period - Shot Blocked by Gabriel Vilardi.
5:35 of 2nd period - Shot by Jason Zucker.
5:35 of 2nd period - Stopped by Cam Talbot without a rebound.
5:36 of 2nd period - Jordan Staal wins face-off versus Nick Foligno in PITTSBURGH Penguins zone.
6:08 of 2nd period - Shot by Tomas Nosek.
6:08 of 2nd period - Stopped by Cam Talbot without a rebound.
6:09 of 2nd period - Nick Schmaltz wins face-off versus Evgeni Malkin in PITTSBURGH Penguins zone.
6:40 of 2nd period - Shot by Nick Schmaltz.
6:40 of 2nd period - Deflect By David Pastrnak.
6:40 of 2nd period - Shot Misses the Net.
6:42 of 2nd period - Shot by Jake DeBrusk.
6:42 of 2nd period - Goal by Jake DeBrusk - PITTSBURGH Penguins : 3 - COLORADO Avalanche : 2.
6:43 of 2nd period - Jordan Staal wins face-off versus Jeff Skinner in neutral zone.
6:50 of 2nd period - Shot by Adam Pelech.
6:50 of 2nd period - Stopped by Jonathan Quick with a rebound.
7:34 of 2nd period - Adam Pelech beats up Derek Forbort.
7:34 of 2nd period - Penalty to Derek Forbort for Fighting.
7:34 of 2nd period - Penalty to Adam Pelech for Fighting.
7:35 of 2nd period - Evgeni Malkin wins face-off versus Nick Schmaltz in PITTSBURGH Penguins zone.
7:35 of 2nd period - Evgeni Malkin is hit by Nick Schmaltz.
7:44 of 2nd period - Shot by Jake Guentzel.
7:44 of 2nd period - Shot Blocked by Patrik Nemeth.
7:45 of 2nd period - Minor Penalty to Patrik Nemeth for Holding.
7:46 of 2nd period - Evgeni Malkin wins face-off versus Tomas Nosek in COLORADO Avalanche zone.
9:37 of 2nd period - Icing by Jason Robertson.
9:38 of 2nd period - Tomas Nosek wins face-off versus Jordan Staal in PITTSBURGH Penguins zone.
9:53 of 2nd period - Shot by Jake DeBrusk.
9:53 of 2nd period - Stopped by Cam Talbot without a rebound.
9:54 of 2nd period - Evgeni Malkin wins face-off versus Nick Schmaltz in PITTSBURGH Penguins zone.
10:08 of 2nd period - Minor Penalty to Nick Schmaltz for Diving.
10:08 of 2nd period - Minor Penalty to Brandon Carlo for Hooking.
10:09 of 2nd period - Jordan Staal wins face-off versus Jason Zucker in PITTSBURGH Penguins zone.
10:18 of 2nd period - Shot by Jordan Eberle.
10:18 of 2nd period - Stopped by Cam Talbot without a rebound.
10:19 of 2nd period - Jordan Eberle wins face-off versus Jordan Staal in PITTSBURGH Penguins zone.
10:26 of 2nd period - Shot by Jake DeBrusk.
10:26 of 2nd period - Deflect By David Pastrnak.
10:26 of 2nd period - Stopped by Cam Talbot without a rebound.
10:27 of 2nd period - Jordan Eberle wins face-off versus Jordan Staal in PITTSBURGH Penguins zone.
10:28 of 2nd period - Shot by Jake DeBrusk.
10:28 of 2nd period - Shot Misses the Net.
10:30 of 2nd period - Shot by Oliver Ekman-Larsson.
10:30 of 2nd period - Stopped by Cam Talbot without a rebound.
10:31 of 2nd period - Jordan Staal wins face-off versus Jordan Eberle in PITTSBURGH Penguins zone.
10:56 of 2nd period - Icing by David Pastrnak.
10:57 of 2nd period - Jordan Eberle wins face-off versus Jake Guentzel in COLORADO Avalanche zone.
10:57 of 2nd period - Jordan Eberle is hit by Jake Guentzel.
11:04 of 2nd period - Jake DeBrusk is hit by Thomas Chabot and loses puck.
11:17 of 2nd period - Shot by Tyson Barrie.
11:17 of 2nd period - Stopped by Cam Talbot with a rebound.
11:19 of 2nd period - Shot by Oliver Ekman-Larsson.
11:19 of 2nd period - Stopped by Cam Talbot without a rebound.
11:20 of 2nd period - Jordan Staal wins face-off versus Jeff Skinner in PITTSBURGH Penguins zone.
11:39 of 2nd period - Shot by Jordan Eberle.
11:39 of 2nd period - Shot Blocked by Evgeni Malkin.
11:52 of 2nd period - Shot by Jordan Eberle.
11:52 of 2nd period - Deflect By Jeff Skinner.
11:52 of 2nd period - Stopped by Cam Talbot without a rebound.
11:53 of 2nd period - Jordan Staal wins face-off versus Alex Iafallo in PITTSBURGH Penguins zone.
12:10 of 2nd period - Shot by Nick Foligno.
12:10 of 2nd period - Stopped by Cam Talbot without a rebound.
12:11 of 2nd period - Evgeni Malkin wins face-off versus Tyler Johnson in PITTSBURGH Penguins zone.
12:53 of 2nd period - Brandon Carlo is hit by Nick Foligno and loses puck.
13:19 of 2nd period - Off-side.
13:20 of 2nd period - Jordan Staal wins face-off versus Jeff Skinner in neutral zone.
13:33 of 2nd period - Shot by Jordan Kyrou.
13:33 of 2nd period - Stopped by Jonathan Quick without a rebound.
13:34 of 2nd period - Nick Schmaltz wins face-off versus Patrik Laine in COLORADO Avalanche zone.
14:41 of 2nd period - Shot by Jason Zucker.
14:41 of 2nd period - Shot Misses the Net.
14:43 of 2nd period - Shot by Derek Forbort.
14:43 of 2nd period - Goal by Derek Forbort - PITTSBURGH Penguins : 3 - COLORADO Avalanche : 3.
14:44 of 2nd period - Evgeni Malkin wins face-off versus Morgan Geekie in neutral zone.
15:38 of 2nd period - Shot by Jason Robertson.
15:38 of 2nd period - Stopped by Jonathan Quick without a rebound.
15:39 of 2nd period - Jeff Skinner wins face-off versus Jordan Staal in COLORADO Avalanche zone.
15:56 of 2nd period - Shot by Adam Pelech.
15:56 of 2nd period - Stopped by Jonathan Quick without a rebound.
15:57 of 2nd period - Nick Schmaltz wins face-off versus Jesse Puljujarvi in COLORADO Avalanche zone.
15:57 of 2nd period - Nick Schmaltz is hit by Jesse Puljujarvi.
16:18 of 2nd period - Minor Penalty to Connor Clifton for Cross-checking.
16:19 of 2nd period - Jordan Staal wins face-off versus Jeff Skinner in PITTSBURGH Penguins zone.
17:12 of 2nd period - Shot by Evgeni Malkin.
17:12 of 2nd period - Stopped by Jonathan Quick without a rebound.
17:13 of 2nd period - Jake DeBrusk wins face-off versus Jordan Staal in COLORADO Avalanche zone.
17:34 of 2nd period - Shot by Jake DeBrusk.
17:34 of 2nd period - Stopped by Cam Talbot without a rebound.
17:35 of 2nd period - Jordan Staal wins face-off versus Nick Schmaltz in PITTSBURGH Penguins zone.
17:41 of 2nd period - Shot by Nick Schmaltz.
17:41 of 2nd period - Stopped by Cam Talbot without a rebound.
17:42 of 2nd period - Jordan Staal wins face-off versus Nick Schmaltz in PITTSBURGH Penguins zone.
17:42 of 2nd period - Jordan Staal is hit by David Pastrnak.
17:56 of 2nd period - Shot by David Pastrnak.
17:56 of 2nd period - Stopped by Cam Talbot without a rebound.
17:57 of 2nd period - Jeff Skinner wins face-off versus Jordan Staal in PITTSBURGH Penguins zone.
18:32 of 2nd period - Shot by Derek Forbort.
18:32 of 2nd period - Shot Misses the Net.
18:35 of 2nd period - Minor Penalty to Morgan Geekie for Holding.
18:36 of 2nd period - Tomas Nosek wins face-off versus Evgeni Malkin in COLORADO Avalanche zone.
18:53 of 2nd period - Shot by Jake Guentzel.
18:53 of 2nd period - Goal by Jake Guentzel - PITTSBURGH Penguins : 4 - COLORADO Avalanche : 3.
18:54 of 2nd period - Nick Schmaltz wins face-off versus Barclay Goodrow in neutral zone.
Goals for this period are 2 for PITTSBURGH Penguins vs 3 for COLORADO Avalanche.
Shots for this period are 8 for PITTSBURGH Penguins vs 19 for COLORADO Avalanche.

3rd period


0:01 of 3rd period - Jordan Staal wins face-off versus Nick Schmaltz in neutral zone.
0:53 of 3rd period - Off-side.
0:54 of 3rd period - Evgeni Malkin wins face-off versus Jeff Skinner in neutral zone.
1:26 of 3rd period - Minor Penalty to Nate Schmidt for Roughing.
1:27 of 3rd period - Jordan Staal wins face-off versus Nick Schmaltz in PITTSBURGH Penguins zone.
1:55 of 3rd period - Shot by Nick Schmaltz.
1:55 of 3rd period - Deflect By David Pastrnak.
1:55 of 3rd period - Stopped by Cam Talbot without a rebound.
1:56 of 3rd period - Jeff Skinner wins face-off versus Evgeni Malkin in PITTSBURGH Penguins zone.
2:00 of 3rd period - Shot by Oliver Ekman-Larsson.
2:00 of 3rd period - Shot Blocked by Jake Guentzel.
2:02 of 3rd period - Shot by Jeff Skinner.
2:02 of 3rd period - Deflect By Jason Zucker.
2:02 of 3rd period - Stopped by Cam Talbot with a rebound.
2:04 of 3rd period - Shot by Jason Zucker.
2:04 of 3rd period - Shot Misses the Net.
2:12 of 3rd period - Shot by Tyson Barrie.
2:12 of 3rd period - Shot Misses the Net.
2:14 of 3rd period - Shot by Oliver Ekman-Larsson.
2:14 of 3rd period - Stopped by Cam Talbot without a rebound.
2:15 of 3rd period - Jeff Skinner wins face-off versus Jordan Staal in PITTSBURGH Penguins zone.
2:42 of 3rd period - Shot by Jason Zucker.
2:42 of 3rd period - Shot Misses the Net.
2:52 of 3rd period - Jordan Eberle is hit by Jordan Staal and loses puck.
2:57 of 3rd period - Mark Pysyk is hit by Jordan Staal and loses puck.
3:40 of 3rd period - Shot by Patrik Laine.
3:40 of 3rd period - Stopped by Jonathan Quick with a rebound.
4:16 of 3rd period - Nate Schmidt is hit by Morgan Geekie.
4:50 of 3rd period - Shot by David Pastrnak.
4:50 of 3rd period - Stopped by Cam Talbot without a rebound.
4:51 of 3rd period - Tyler Johnson wins face-off versus Evgeni Malkin in PITTSBURGH Penguins zone.
5:06 of 3rd period - Shot by Evgeni Malkin.
5:06 of 3rd period - Shot Misses the Net.
5:32 of 3rd period - Nick Foligno is hit by Gabriel Vilardi and loses puck.
6:00 of 3rd period - Icing by Nick Schmaltz.
6:01 of 3rd period - Nick Schmaltz wins face-off versus Jordan Staal in COLORADO Avalanche zone.
6:12 of 3rd period - Shot by Jason Robertson.
6:12 of 3rd period - Shot Misses the Net.
6:14 of 3rd period - Shot by Jason Robertson.
6:14 of 3rd period - Stopped by Jonathan Quick without a rebound.
6:15 of 3rd period - Barclay Goodrow wins face-off versus Jeff Skinner in COLORADO Avalanche zone.
6:46 of 3rd period - Shot by Nate Schmidt.
6:46 of 3rd period - Shot Blocked by Derek Forbort.
6:58 of 3rd period - Barclay Goodrow is hit by Jordan Eberle and loses puck.
7:15 of 3rd period - Shot by Jake DeBrusk.
7:15 of 3rd period - Shot Misses the Net.
7:32 of 3rd period - Off-side.
7:33 of 3rd period - Morgan Geekie wins face-off versus Jordan Staal in neutral zone.
7:36 of 3rd period - Jordan Staal is hit by Morgan Geekie and loses puck.
7:47 of 3rd period - Shot by Jason Robertson.
7:47 of 3rd period - Goal by Jason Robertson - PITTSBURGH Penguins : 5 - COLORADO Avalanche : 3.
7:47 of 3rd period - Magnus Hellberg enters game.
7:48 of 3rd period - Tyler Johnson wins face-off versus Evgeni Malkin in neutral zone.
9:51 of 3rd period - Shot by Barclay Goodrow.
9:51 of 3rd period - Stopped by Magnus Hellberg without a rebound.
9:52 of 3rd period - Craig Smith wins face-off versus Yakov Trenin in COLORADO Avalanche zone.
9:59 of 3rd period - Shot by Tanner Pearson.
9:59 of 3rd period - Stopped by Magnus Hellberg without a rebound.
10:00 of 3rd period - Nick Schmaltz wins face-off versus Evgeni Malkin in COLORADO Avalanche zone.
10:07 of 3rd period - Shot by Nick Schmaltz.
10:07 of 3rd period - Deflect By Jake DeBrusk.
10:07 of 3rd period - Stopped by Cam Talbot without a rebound.
10:08 of 3rd period - Jordan Staal wins face-off versus Jake DeBrusk in PITTSBURGH Penguins zone.
10:08 of 3rd period - Jordan Staal is hit by Jake DeBrusk.
10:16 of 3rd period - Shot by Jason Robertson.
10:16 of 3rd period - Shot Misses the Net.
10:28 of 3rd period - Shot by David Pastrnak.
10:28 of 3rd period - Stopped by Cam Talbot with a rebound.
10:30 of 3rd period - Shot by Nick Schmaltz.
10:30 of 3rd period - Stopped by Cam Talbot without a rebound.
10:31 of 3rd period - Jeff Skinner wins face-off versus Evgeni Malkin in PITTSBURGH Penguins zone.
10:44 of 3rd period - Shot by Jeff Skinner.
10:44 of 3rd period - Shot Misses the Net.
10:46 of 3rd period - Shot by Jason Zucker.
10:46 of 3rd period - The goal is going for a video replay.
10:46 of 3rd period - The goal is good.
10:46 of 3rd period - Goal by Jason Zucker - PITTSBURGH Penguins : 5 - COLORADO Avalanche : 4.
10:47 of 3rd period - Jordan Staal wins face-off versus Nick Schmaltz in neutral zone.
10:50 of 3rd period - Tyson Barrie is hit by Jordan Staal and loses puck.
11:08 of 3rd period - Jake DeBrusk is hit by Adam Pelech and loses puck.
11:13 of 3rd period - Shot by David Pastrnak.
11:13 of 3rd period - Shot Blocked by Adam Pelech.
11:27 of 3rd period - Shot by Jordan Kyrou.
11:27 of 3rd period - Stopped by Magnus Hellberg without a rebound.
11:28 of 3rd period - Evgeni Malkin wins face-off versus Jeff Skinner in COLORADO Avalanche zone.
11:33 of 3rd period - Shot by Jake Guentzel.
11:33 of 3rd period - Stopped by Magnus Hellberg without a rebound.
11:34 of 3rd period - Jeff Skinner wins face-off versus Evgeni Malkin in COLORADO Avalanche zone.
12:04 of 3rd period - Icing by Jake Guentzel.
12:05 of 3rd period - Jake Guentzel wins face-off versus Nick Schmaltz in PITTSBURGH Penguins zone.
12:43 of 3rd period - Shot by Jason Robertson.
12:43 of 3rd period - Shot Blocked by Oliver Ekman-Larsson.
13:09 of 3rd period - Shot by Jeff Skinner.
13:09 of 3rd period - Shot Misses the Net.
13:25 of 3rd period - Shot by Jason Zucker.
13:25 of 3rd period - Stopped by Cam Talbot without a rebound.
13:26 of 3rd period - Barclay Goodrow wins face-off versus Morgan Geekie in PITTSBURGH Penguins zone.
13:26 of 3rd period - Barclay Goodrow is hit by Craig Smith.
14:58 of 3rd period - Off-side.
14:59 of 3rd period - Jordan Staal wins face-off versus Jeff Skinner in neutral zone.
14:59 of 3rd period - Jordan Staal is hit by Jordan Eberle.
15:20 of 3rd period - Icing by Jason Robertson.
15:21 of 3rd period - Jordan Staal wins face-off versus Nick Schmaltz in PITTSBURGH Penguins zone.
15:30 of 3rd period - Shot by Jordan Staal.
15:30 of 3rd period - Shot Misses the Net.
15:32 of 3rd period - Shot by Jordan Staal.
15:32 of 3rd period - Goal by Jordan Staal - PITTSBURGH Penguins : 6 - COLORADO Avalanche : 4.
15:33 of 3rd period - Evgeni Malkin wins face-off versus Jeff Skinner in neutral zone.
15:39 of 3rd period - Jake Guentzel is hit by Patrik Nemeth and loses puck.
16:12 of 3rd period - Shot by Evgeni Malkin.
16:12 of 3rd period - Shot Blocked by Patrik Nemeth.
16:34 of 3rd period - Oliver Ekman-Larsson is hit by Jordan Staal and loses puck.
16:47 of 3rd period - David Pastrnak is hit by Jason Robertson and loses puck.
17:36 of 3rd period - Morgan Geekie is hit by Jesse Puljujarvi and loses puck.
17:42 of 3rd period - Icing by Morgan Geekie.
17:43 of 3rd period - Yakov Trenin wins face-off versus Morgan Geekie in COLORADO Avalanche zone.
17:59 of 3rd period - Derek Forbort is hit by Yakov Trenin and loses puck.
18:16 of 3rd period - Shot by Yakov Trenin.
18:16 of 3rd period - Stopped by Magnus Hellberg with a rebound.
18:21 of 3rd period - Icing by Derek Forbort.
18:22 of 3rd period - Gabriel Vilardi wins face-off versus Morgan Geekie in COLORADO Avalanche zone.
18:28 of 3rd period - Evgeni Malkin is hit by Derek Forbort.
19:10 of 3rd period - Icing by Robert Bortuzzo.
19:11 of 3rd period - Evgeni Malkin wins face-off versus Jeff Skinner in PITTSBURGH Penguins zone.
19:32 of 3rd period - Shot by Jason Robertson.
19:32 of 3rd period - Shot Misses the Net.
19:34 of 3rd period - Shot by Jordan Kyrou.
19:34 of 3rd period - Shot Misses the Net.
19:36 of 3rd period - Shot by Adam Pelech.
19:36 of 3rd period - Stopped by Magnus Hellberg without a rebound.
19:37 of 3rd period - Nick Schmaltz wins face-off versus Barclay Goodrow in COLORADO Avalanche zone.
19:44 of 3rd period - Icing by Brandon Carlo.
19:45 of 3rd period - Barclay Goodrow wins face-off versus Nick Schmaltz in PITTSBURGH Penguins zone.
Goals for this period are 2 for PITTSBURGH Penguins vs 1 for COLORADO Avalanche.
Shots for this period are 10 for PITTSBURGH Penguins vs 9 for COLORADO Avalanche. Output by the SimonT Hockey Simulator (STHS) for Martin Benoit - Original Page W3C HTML5 Valid
Hockey Simulator - Hockey Simulation - Hockey Manager